AoeStats
← 啊超

Arena

506650080Analyzed
2v2 RM · 17d ago on Sep 14, 2026· 51m 20s· 4 players
Game mode
Random Map
Map size
Medium (4 player)
Population
200
Speed
Normal
Resources
Standard
Victory
Conquest
Starting age
Dark Age
Ending age
Imperial Age
RankedLock teamsTeams togetherTeam positionsShared explorationLock speedFull tech treeHidden civsTurbo modeCheats
Victory
Defeat
🇨🇳 Turks · China
1211
+13
🇨🇳 Goths · China
1096
+17
🇫🇷 Khmer · France
1143
-15
🇩🇪 Italians · Germany
1126
-15
ricco
5:44 Loom
10:50 Feudal Age
16:14 Castle Age
15:56 Double-Bit Axe
17:26 Fletching
18:30 Town Watch
19:55 Crossbowman
21:23 Horse Collar
22:45 Padded Archer Armor
24:01 Stone Mining
26:13 Bodkin Arrow
md00rn
11:05 Feudal Age
14:49 Castle Age
13:16 Double-Bit Axe
13:27 Horse Collar
14:11 Loom
15:39 Heavy Plow
19:08 Bow Saw
19:56 Gold Mining
20:22 Fletching
27:28 Imperial Age
25:50 Bodkin Arrow
27:00 Wheelbarrow
28:24 Bracer
30:33 Hand Cart
30:56 Gold Shaft Mining
33:14 Ballistics
33:20 Padded Archer Armor
35:43 Scale Barding Armor
35:48 Forging
35:56 Murder Holes
37:34 Husbandry
37:44 Bloodlines
36:59 Cavalier
38:02 Chain Barding Armor
38:17 Iron Casting
42:42 Conscription
42:49 Town Watch
43:39 Crop Rotation
43:01 Stone Mining
45:19 Chemistry
44:27 Siege Engineers
啊超
10:55 Feudal Age
15:35 Castle Age
14:33 Double-Bit Axe
14:59 Horse Collar
16:12 Loom
31:36 Imperial Age
30:18 Anarchy
30:22 Squires
30:08 Pikeman
31:48 Forging
31:39 Scale Mail Armor
31:39 Gold Mining
32:17 Stone Mining
37:36 Chemistry
38:11 Wheelbarrow
37:50 Bow Saw
38:37 Iron Casting
38:17 Chain Mail Armor
39:37 Elite Huskarl
40:01 Halberdier
41:58 Perfusion
43:01 Blast Furnace
44:26 Conscription
44:09 Man-at-Arms
48:23 Fletching
48:33 Padded Archer Armor
48:09 Elite Skirmisher
49:49 Bodkin Arrow
50:09 Leather Archer Armor
50:18 Ballistics
LY
0:27 Loom
10:23 Feudal Age
16:05 Castle Age
14:43 Double-Bit Axe
16:37 Loom
16:49 Town Watch
18:42 Fletching
25:50 Bodkin Arrow
27:33 Padded Archer Armor
29:41 Gold Mining
32:02 Stone Mining
33:58 Bow Saw
33:30 Horse Collar
35:18 Heavy Plow
39:27 Leather Archer Armor
43:45 Wheelbarrow
46:59 Bloodlines
47:27 Forging
51:07 Imperial Age
48:56 Husbandry
49:52 Iron Casting
50:30 Scale Barding Armor
51:55 Chain Barding Armor
51:56 Artillery
Connection lost

Rejoining the realm…

Still unreachable

The connection could not be restored.

Session expired

The server has moved on; the page needs a fresh start.